 Dungeon Crawl Stone Soup version 0.32-a0-136-gc02482bde3 (webtiles) character file.

Game seed: 4128675001278946700

168 Ceno the Changeling (level 5, -2/35 HPs)
             Began as an Octopode Shapeshifter on Feb 10, 2024.
             Was an Initiate of Gozag.
             Slain by Ijyb
             ... wielding a +0 dagger
              (3 damage)
             ... on level 4 of the Dungeon.
             The game lasted 00:06:08 (1834 turns).

Ceno the Changeling (Octopode Shapeshifter)         Turns: 1834, Time: 00:06:09

Health: -2/35      AC:  1    Str: 13    XL:     5   Next: 49%
Magic:  5/5        EV: 10    Int: 12    God:    Gozag
Gold:   207        SH:  0    Dex: 20    Spells: 4/4 levels left

rFire   . .          .
                       - Unarmed
rCold   . . .        (no shield)
rNeg    . . .        (helmet currently unavailable)
rPois   .            (no amulet)
rElec   .            t - +6 ring of dexterity
rCorr   .            (no ring)
SInv    .            (no ring)
Will    .....        (no ring)
Stlth   +++          (no ring)
HPRegen 0.25/turn    (no ring)
MPRegen 0.09/turn    (no ring)
                     (no ring)

%: no passive effects
@: beast-form, grasped by roots, constricted
A: beast (slay +2), almost no armour, amphibious, 8 rings, camouflage 1,
gelatinous body 1, (nimble swimmer 1), tentacles
a: Begin Untransformation, Renounce Religion, Potion Petition, Call Merchant,
Bribe Branch


You were on level 4 of the Dungeon.
You worshipped Gozag.
Gozag was aware of your devotion.
You were a hulking beast.
You visited 1 branch of the dungeon, and saw 4 of its levels.

You collected 207 gold pieces.

Inventory:

Missiles
 e - 4 poisoned darts
 f - 6 darts of dispersal
 k - 26 stones (quivered)
Jewellery
 t - a +6 ring of dexterity (left tentacle)
 v - an amulet of regeneration
Talismans
 b - a beast talisman
 c - a flux talisman
Scrolls
 g - a scroll of teleportation
 h - a scroll of torment {unknown}
 l - a scroll of butterflies {unknown}
 m - a scroll of blinking {unknown}
 o - a scroll of amnesia {unknown}
 p - 2 scrolls of brand weapon
 q - a scroll of revelation {unknown}
 w - a scroll of poison {unknown}
Potions
 a - 5 potions of lignification
 d - 2 potions of heal wounds
 i - 2 potions of mutation
 j - a potion of brilliance
 n - a potion of ambrosia
 r - a potion of degeneration {unknown}
 s - a potion of invisibility {unknown}
 u - 2 potions of curing {unknown}


   Skills:
 + Level 2.5 Fighting
 - Level 2.0 Dodging
 + Level 3.9 Unarmed Combat
 * Level 4.5 Shapeshifting


You had 4 spell levels left.
You didn't know any spells.
Your spell library contained the following spells:

 Spells                   Type           Power      Damage    Failure   Level
 Apportation              Tloc           0%         N/A       32%         1
 Jinxbite                 Hex            0%         N/A       45%         2
 Alistair's Intoxication  Alch           0%         N/A       100%        5


Dungeon Overview and Level Annotations

Branches:
Dungeon (4/15)
 Temple: D:4-7

Altars:
Gozag
Trog

Shops:
D:4 !

Annotations:
D:4 Ijyb


Innate Abilities, Weirdness & Mutations

You are a hulking beast.
Your limbs bulge with bestial killing power. (Slay +2)
You cannot wear most types of armour.
You are amphibious.
You can wear up to eight rings at the same time.
Your skin changes colour to match your surroundings (Stealth+).
Your rubbery body absorbs attacks. (AC +1, EV +1)
((You are camouflaged when in or above water. (Stealth+)))
You have tentacles for arms and can constrict up to eight enemies at once.


Message History

You now have 207 gold pieces (gained 7).
Found 3 scrolls labelled XIUSKA FIX IMI.
Ijyb shouts!
You start waiting.
Ijyb is nearby!
Ijyb zaps a wand.
The roots erupt in riotous growth!
The grasping roots grab you!
Ijyb is unaffected.
The grasping roots constrict you.
You hear an angry hiss.
You tentacle-slap Ijyb. Your grab misses Ijyb. You tentacle-slap Ijyb.
Your squeeze misses Ijyb.
Ijyb is lightly wounded.
Ijyb hits you with a +0 dagger. The grasping roots constrict you!
You tentacle-slap Ijyb. Your grab misses Ijyb.
Ijyb is moderately wounded.
Ijyb hits you with a +0 dagger. The grasping roots constrict you.
You are too injured to fight recklessly!
You tentacle-slap Ijyb. Your grab misses Ijyb. Your squeeze misses Ijyb.
Ijyb is heavily wounded.
Ijyb hits you with a +0 dagger.
* * * LOW HITPOINT WARNING * * *
The grasping roots constrict you.
* * * LOW HITPOINT WARNING * * *
The grasping roots release their grip on you.
You tentacle-slap Ijyb. You grab Ijyb.
You tentacle-slap Ijyb, but do no damage.
You squeeze Ijyb, but do no damage.
Ijyb is heavily wounded.
You constrict Ijyb, but do no damage.
Ijyb zaps a wand.
The roots erupt in riotous growth!
The grasping roots grab you!
Ijyb is unaffected.
The grasping roots constrict you.
* * * LOW HITPOINT WARNING * * *
You hear an angry hiss.
You hear a shout!
You bludgeon Ijyb!
Ijyb is severely wounded.
You constrict Ijyb. Ijyb hits you with a +0 dagger.
You die...
Ijyb screams, "Time for next experiment!"
Your body crumbles into a pile of gold.

.......##..............#..
...#.#g..............[....
............#........#....
#..#.#......#..#.#.#.#....
#.......>.................
.#......#....#.#.#......
.......#..#...............
...##.####g....#.#.#.###..
. #. #.h...........# #..
...........#........# ##.
.........#.##......)## ##
.?....####..#...###.<###.
...... ..###.####).....
...... ..##..# #^.####.
..... .......# #..# ..
..... ...#####.## ###
..... #..#


You could see Ijyb.

Vanquished Creatures
  An orc priest (D:4)
  An orc wizard (D:3)
  4 adders
  A dart slug (D:4)
  7 orcs
  4 bats
  8 endoplasms
  5 hobgoblins
  6 jackals
  7 quokkas
  4 ball pythons (D:2)
  3 frilled lizards
  6 goblins
  3 kobolds
  5 rats
  A spectral kobold (D:3)
66 creatures vanquished.

Notes
Turn   | Place    | Note
-------+----------+-------------------------------------------
     0 | D:1      | Ceno the Octopode Shapeshifter began the quest for the Orb.
     0 | D:1      | Reached XP level 1. HP: 13/13 MP: 1/1
   238 | D:1      | Reached XP level 2. HP: 14/18 MP: 2/2
   507 | D:2      | Reached XP level 3. HP: 23/23 MP: 3/3
   919 | D:2      | Reached XP level 4. HP: 29/29 MP: 4/4
  1120 | D:3      | Reached skill level 4 in Shapeshifting
  1314 | D:3      | Found a faded altar of an unknown god.
  1323 | D:3      | Prayed at the altar of an unknown god.
  1323 | D:3      | Became a worshipper of Gozag Ym Sagoz the Greedy
  1506 | D:3      | Found a bloodstained altar of Trog.
  1675 | D:4      | Reached XP level 5. HP: 34/34 MP: 5/5
  1755 | D:4      | Noticed Ijyb
  1774 | D:4      | Found Ziokhli's Distillery.
  1833 | D:4      | HP: 1/35 [constriction (5)]
  1834 | D:4      | Slain by Ijyb

Illustrated notes

Levels and vault maps discovered:
D:1:      psy_arrival_conway, layout_rooms, nicolae_kite_square_tiling_tiny,
          minmay_misc_feat_five
D:2:      layout_basic
D:3:      layout_rooms, mainiacjoe_overflow_boulevard,
          dreamdust_ecumenical_altar_drowned_temple
D:4:      layout_cave_pools, serial_glass, glass_columns_b, glass_columns_b,
          glass_columns_a, glass_columns_a, glass_columns_a, glass_columns_b,
          serial_shops, nicolae_shop_trees, nicolae_houndstooth_variations,
          uniq_sigmund, uniq_ijyb

Skill      XL: |  1  2  3  4 |
---------------+-------------+-----
Fighting       | 2 |  2.5
Shapeshifting  | 4 |  4.5
Dodging        | |  2.0
Unarmed Combat | |  3.9

Action                     |  1- 3 |  4- 6 || total
---------------------------+-------+-------++-------
  Melee: Unarmed           |    75 |    62 ||   137
         Constrict         |    20 |    17 ||    37
         Tentacles         |    10 |     8 ||    18
         Punch             |     5 |     5 ||    10
  Throw: Dart              |     2 |       ||     2
         Stone             |     1 |     2 ||     3
    Use: Scroll            |     2 |     4 ||     6
   Stab: Sleeping          |     3 |     4 ||     7
         Distracted        |       |     1 ||     1
 Armour: Skin              |    20 |    19 ||    39
  Dodge: Dodged            |    42 |    21 ||    63

Table legend: (Time is in decaauts)
 A = Elapsed time spent in this place.
 B = Non-inter-level travel time spent in this place.
 C = Inter-level travel time spent in this place.
 D = Time resting spent in this place.
 E = Time spent auto-exploring this place.
 F = Levels seen in this place.
 G = Mean time per level.
                   A        B        C        D        E       F      G
               +--------+--------+--------+--------+--------+-----+--------+
         Total |   1825 |   1737 |     88 |     50 |   1045 |   4 |  456.2 |
       Dungeon |   1825 |   1737 |     88 |     50 |   1045 |   4 |  456.2 |
               +--------+--------+--------+--------+--------+-----+--------+

Top non-repeatable levels by time:
     D:3: 608 daAuts
     D:2: 537 daAuts
     D:1: 503 daAuts
     D:4: 177 daAuts
